Map: Para Site LE

Players

Melle

  • Race: Protoss Protoss
  • League: Master
  • Spawn Location: 11:00

aGaham - Winner!

  • Race: Zerg Zerg
  • League: Master
  • Spawn Location: 5:00

Event: DSCL Nationals 2018 - Finals

VOD

Have the link to the VOD?

Description

Time

  • Played on: Dec. 1, 2018, 6:08 a.m.
  • Length: 15:09

All games in this series

Show
View Real Time Build Order
Export as new Build Order

Melle Protoss 

Build Orders:  

Get SALT Encoding   

  12  0:00  Probe  
  13  0:12  Probe  
  14  0:18  Pylon  
  14  0:24  Probe  
  15  0:33  Probe  
  15  0:39  Forge  
  15  0:41  Probe  
  17  0:51  Probe  
  18  1:03  Probe  
  19  1:14  Pylon  
  19  1:15  Probe  
  20  1:19  Pylon  
  20  1:20  Pylon  
  20  1:21  Pylon  
  20  1:28  Pylon  
  20  1:29  Pylon  
  20  1:35  Photon Cannon  
  20  1:40  Photon Cannon  
  20  1:45  Probe  
  21  1:49  Gateway  
  21  1:57  Probe  
  22  2:04  Assimilator  
  22  2:06  Pylon  
  22  2:18  Probe  
  23  2:24  Photon Cannon  
  23  2:25  Photon Cannon  
  23  2:41  Cybernetics Core  
  23  2:52  Zealot  
  23  2:53  Nexus  
  23  2:57  Probe  
  26  3:07  Assimilator  
  26  3:09  Probe  
  27  3:13  Stalker  
  27  3:20  Pylon  
  29  3:27  Probe  
  30  3:39  Stargate  
  31  3:41  Probe  
  33  3:49  Warp Gate  
  33  3:55  Adept  
  31  4:00  Probe  
  33  4:06  Photon Cannon  
  33  4:10  Probe  
  33  4:12  Probe  
  33  4:14  Oracle  
  35  4:22  Probe  
  39  4:24  Probe  
  40  4:34  Probe  
  40  4:36  Probe  
  42  4:40  Void Ray  
  42  4:43  Assimilator  
  42  4:46  Probe  
  42  4:48  Probe  
  48  4:58  Probe  
  49  5:00  Probe  
  50  5:07  Assimilator  
  50  5:11  Probe  
  50  5:12  Probe  
  50  5:13  Pylon  
  52  5:23  Probe, Fleet Beacon  
  52  5:25  Probe  
  54  5:35  Probe  
  55  5:37  Probe  
  56  5:44  Stargate  
  56  5:45  Pylon  
  56  5:46  Pylon  
  56  5:47  Probe  
  56  5:49  Probe  
  58  5:59  Probe  
  58  6:01  Adept, Tempest  
  61  6:12  Nexus  
  61  6:15  Pylon  
  61  6:16  Tempest  
  66  6:20  Probe x2  
  66  6:25  Protoss Air Weapons Level 1  
  73  6:34  Tempest  
  73  6:37  Photon Cannon  
  73  6:46  Probe x2  
  80  7:06  Pylon  
  80  7:09  Pylon  
  80  7:10  Assimilator  
  80  7:15  Assimilator  
  80  7:18  Carrier  
  80  7:26  Gateway  
  80  7:28  Gateway  
  86  7:31  Pylon  
  86  7:35  Probe  
  86  7:36  Probe  
  87  7:40  Carrier  
  85  7:57  Stargate  
  86  8:20  Phoenix  
  86  8:26  Protoss Air Weapons Level 2  
  89  8:32  Phoenix  
  89  8:33  Probe x3  
  88  8:36  Phoenix  
  88  8:37  Stargate  
  88  8:41  Stalker  
  94  8:54  Probe x2  
  96  8:59  Phoenix, Zealot x2  
  98  9:03  Phoenix  
  98  9:05  Probe  
  98  9:06  Probe  
  96  9:16  Phoenix  
  90  9:24  Phoenix  
  90  9:27  Probe x3  
  90  9:29  Photon Cannon  
  90  9:31  Photon Cannon  
  97  9:41  Fleet Beacon  
  97  9:43  Phoenix  
  99  9:46  Probe x3  
  99  9:50  Phoenix  
  99  9:51  Phoenix  
  104  9:57  Zealot  
  104  9:58  Probe x3, Pylon  
  107  10:09  Stalker  
  107  10:10  Stalker  
  110  10:17  Phoenix  
  110  10:18  Phoenix  
  110  10:23  Phoenix  
  107  10:32  Anion Pulse-Crystals  
  107  10:34  Probe x3  
  110  10:37  Zealot  
  110  10:38  Zealot x2  
  115  10:42  Phoenix  
  115  10:46  Probe x2  
  110  10:58  Phoenix  
  110  11:00  Probe x2  
  110  11:01  Probe  
  115  11:04  Protoss Air Weapons Level 3  
  115  11:12  Photon Cannon  
  115  11:13  Pylon  
  108  11:26  Phoenix  
  108  11:32  Phoenix  
  104  11:35  Phoenix  
  104  11:39  Probe x2  
  108  11:45  Phoenix  
  106  11:57  Phoenix  
  106  12:00  Zealot x2  
  112  12:03  Zealot  
  112  12:05  Probe x3  
  108  12:17  Probe x2  
  110  12:24  Phoenix x2  
  106  12:30  Phoenix  
  96  12:42  Phoenix x2  
  86  12:50  Probe x2  
  76  12:55  Probe  
  71  12:59  Phoenix  
  71  13:03  Phoenix  
  65  13:20  Phoenix  
  65  13:21  Probe x2  
  69  13:30  Phoenix  
  73  13:59  Void Ray x2  
  77  14:03  Probe x3  
  76  14:10  Void Ray  
  74  14:21  Probe x3  
Show
View Real Time Build Order
Export as new Build Order

aGaham Zerg - Winner!

Build Orders: Hatch First 

Get SALT Encoding   

  12  0:00  Drone  
  13  0:12  Overlord  
  13  0:17  Drone  
  14  0:30  Drone x2  
  14  0:34  Drone  
  17  0:51  Hatchery  
  17  0:54  Drone  
  17  0:58  Drone  
  18  1:10  Extractor  
  17  1:14  Drone  
  17  1:16  Spawning Pool  
  17  1:25  Drone  
  18  1:33  Drone  
  19  2:02  Drone x2  
  19  2:05  Hatchery  
  21  2:12  Queen  
  21  2:13  Extractor  
  23  2:27  Hatchery, Overlord  
  22  2:35  Overlord  
  22  2:38  Metabolic Boost  
  22  2:49  Zergling x4  
  24  2:53  Queen  
  27  3:01  Zergling x4  
  29  3:12  Zergling x2  
  30  3:21  Zergling x6  
  33  3:30  Zergling x2  
  34  3:36  Overlord  
  31  3:49  Zergling x2  
  31  3:50  Zergling x2  
  31  3:57  Drone x2  
  32  4:08  Queen  
  32  4:09  Queen  
  36  4:10  Drone x4  
  36  4:13  Drone  
  36  4:14  Hatchery  
  40  4:21  Drone  
  41  4:26  Drone  
  42  4:31  Overlord  
  42  4:35  Drone  
  43  4:40  Drone x3  
  43  4:41  Drone  
  47  4:45  Queen  
  47  4:52  Overlord  
  49  4:53  Drone x2  
  49  4:58  Spore Crawler  
  50  5:00  Spore Crawler  
  50  5:02  Drone x2  
  51  5:10  Overlord  
  51  5:13  Drone x3  
  51  5:14  Drone  
  55  5:19  Extractor  
  54  5:23  Lair  
  54  5:26  Drone x4  
  58  5:31  Overlord  
  58  5:34  Drone x2  
  60  5:40  Drone x3  
  63  5:47  Queen  
  63  5:49  Drone x3  
  67  5:57  Drone x3  
  67  5:58  Drone x3  
  67  5:59  Spore Crawler  
  67  6:02  Overlord  
  72  6:07  Extractor  
  71  6:12  Zergling x10  
  76  6:19  Extractor  
  76  6:20  Extractor  
  76  6:21  Drone x4  
  78  6:25  Spire  
  78  6:31  Drone x7  
  82  6:47  Hatchery  
  82  6:49  Extractor  
  78  6:57  Queen x2  
  78  6:58  Queen  
  83  7:03  Drone  
  83  7:04  Drone x5  
  89  7:11  Overlord x3  
  89  7:19  Overlord x2  
  89  7:20  Overlord  
  89  7:21  Overlord  
  83  7:49  Mutalisk x4  
  83  7:50  Mutalisk x7  
  105  7:56  Mutalisk x4  
  112  8:08  Mutalisk x2  
  112  8:11  Zergling x2  
  112  8:12  Zergling x20  
  125  8:24  Drone x8  
  133  8:28  Zerg Flyer Weapons Level 1  
  133  8:31  Overlord  
  133  8:32  Corruptor x2, Overlord  
  137  8:38  Overlord x2  
  137  8:39  Corruptor  
  139  8:47  Extractor  
  138  8:49  Extractor, Corruptor x2  
  138  8:50  Corruptor  
  143  9:00  Corruptor x2  
  138  9:20  Mutalisk x2  
  138  9:21  Mutalisk  
  138  9:22  Zergling x2  
  138  9:23  Zergling x24  
  153  9:36  Mutalisk x3  
  159  9:41  Hatchery  
  159  9:44  Zergling x6  
  159  9:45  Zergling x12  
  167  9:56  Mutalisk x3  
  170  10:12  Mutalisk x2  
  170  10:13  Mutalisk x2  
  160  10:29  Mutalisk x3  
  166  10:41  Mutalisk x3  
  158  10:51  Zergling x20  
  158  10:52  Zergling x4  
  158  10:56  Mutalisk x3  
  175  10:57  Zergling x2  
  175  10:58  Hatchery, Zergling x18  
  184  11:07  Extractor  
  184  11:09  Overlord x2  
  184  11:10  Extractor, Zerg Flyer Weapons Level 2  
  174  11:36  Corruptor x6  
  172  11:46  Corruptor x3  
  164  12:06  Mutalisk x5  
  167  12:11  Corruptor  
  165  12:15  Zergling x2  
  165  12:16  Zergling x32  
  122  12:47  Mutalisk x7  
  122  12:50  Extractor, Drone x5  
  122  12:51  Drone x2  
  129  12:54  Corruptor  
  129  13:00  Mutalisk  
  128  13:11  Corruptor x2  
  123  13:14  Drone x3  
  123  13:15  Drone  
  123  13:16  Drone x4  
  123  13:17  Drone x3  
  126  13:20  Drone x2  
  126  13:21  Drone x6  
  126  13:22  Spore Crawler x2  
  126  13:23  Spore Crawler  
  126  13:24  Spore Crawler  
  130  13:35  Mutalisk x4  
  130  13:38  Spore Crawler x2  
  130  13:41  Spore Crawler  
  125  13:52  Infestation Pit  
  125  13:53  Evolution Chamber x2  
  116  13:57  Corruptor x4  
  119  14:11  Corruptor x2  
  119  14:12  Corruptor x2  
  119  14:13  Zergling x2  
  119  14:14  Zergling x2  
  123  14:26  Corruptor x3  
Tags
 
Add a new tag
Caveats
  • Supply blocks, unpowered buildings, or Contaminate may cause inaccurate times.
  • Supply counts are checked every 10 seconds.